 Dungeon Crawl Stone Soup version 0.32-a0-42-ga30500b4d3 (webtiles) character file.

Game seed: 17897475534125479441

73 pokeman the Magician (level 4, -12/25 HPs)
             Began as a Deep Elf Hedge Wizard on Jan 26, 2024.
             Killed by divine providence
             ... invoked by an orc priest
              (15 damage)
             ... on level 3 of the Dungeon.
             The game lasted 00:04:24 (2468 turns).

pokeman the Magician (Deep Elf Hedge Wizard)        Turns: 2468, Time: 00:04:24

Health: -12/25     AC:  5    Str:  7    XL:     4   Next: 8%
Magic:  0/13       EV: 12    Int: 21    God:
Gold:   119        SH:  0    Dex: 14    Spells: 5/13 levels left

rFire   . . .        a - +0 dagger
rCold   . . .        (no shield)
rNeg    . . .        b - +0 robe
rPois   .            c - +0 hat
rElec   .            (no cloak)
rCorr   +            (no gloves)
SInv    .            g - +2 pair of boots
Will    .....        (no amulet)
Stlth   ++           k - ring of resist corrosion
HPRegen 0.24/turn    (no ring)
MPRegen 0.13/turn

%: no passive effects
@: very slightly contaminated
A: no striking features
a: no special abilities


You were on level 3 of the Dungeon.
You visited 1 branch of the dungeon, and saw 3 of its levels.

You collected 119 gold pieces.

Inventory:

Hand Weapons
 a - a +0 dagger (weapon)
Armour
 b - a +0 robe (worn)
 c - a +0 hat (worn)
 g - a +2 pair of boots (worn)
Jewellery
 k - a ring of resist corrosion (left hand)
Wands
 i - a wand of polymorph (11)
Scrolls
 f - 2 scrolls of identify {unknown}
 h - a scroll of enchant armour {unknown}
 j - 2 scrolls of immolation {unknown}
 l - 2 scrolls of blinking {unknown}
 m - a scroll of amnesia {unknown}
 n - a scroll of revelation {unknown}
Potions
 d - 2 potions of magic
 e - a potion of berserk rage {unknown}


   Skills:
 - Level 1.1 Fighting
 - Level 1.0 Armour
 + Level 2.7 Dodging
 + Level 2.4 Stealth
 * Level 5.4 Spellcasting
 + Level 2.1 Conjurations
 - Level 1.1 Summonings
 - Level 1.1 Translocations


You had 5 spell levels left.
You knew the following spells:

 Your Spells              Type           Power      Damage    Failure   Level
a - Magic Dart            Conj           56%        1d5       4%          1
b - Mephitic Cloud        Conj/Alch/Air  8%         N/A       24%         3
c - Call Imp              Summ           20%        N/A       10%         2
d - Blink                 Tloc           20%        N/A       10%         2

Your spell library contained the following spells:

 Spells                   Type           Power      Damage    Failure   Level
 Necrotise                Necr           20%        1d5       11%         1
 Slow                     Hex            20%        N/A       11%         1
 Cigotuvi's Dreadful Rot  Necr/Alch/Air  10%        N/A       16%         2
 Vampiric Draining        Necr           5%         2d6       30%         3
 Martyr's Knell           Necr/Summ      8%         N/A       63%         4
 Summon Blazeheart Golem  Fire/Summ      8%         N/A       63%         4
 Animate Dead             Necr           5%         N/A       71%         4
 Iskenderun's Battlesphe  Conj           14%        2d7       75%         5
 Borgnjor's Vile Clutch   Necr/Erth      2%         N/A       96%         5
 Curse of Agony           Necr           5%         N/A       96%         5
 Bombard                  Conj/Erth      5%         9d2       100%        6
 Death Channel            Necr           2%         N/A       100%        6
 Orb of Destruction       Conj           7%         9d6       100%        7
 Spellforged Servitor     Conj/Summ      6%         N/A       100%        7


Dungeon Overview and Level Annotations

Branches:
Dungeon (3/15)

Altars:


Message History

The orc priest hits you with a +2 flail of protection!
You hit the orc priest but do no damage.
You strike the helpless orc priest from behind!
You hit the orc priest.
The orc priest is lightly wounded.
You catch the helpless orc priest completely off-guard!
You hit the orc priest.
The orc priest is moderately wounded.
The orc priest completely misses you.
You hit the orc priest but do no damage.
The orc priest is moderately wounded.
The orc priest closely misses you.
You hit the orc priest but do no damage.
The orc priest is moderately wounded.
The orc priest seems less confused.
The orc priest hits you but does no damage.
You completely miss the orc priest.
The orc priest is moderately wounded.
The orc priest hits you with a +2 flail of protection!
The orc priest looks encouraged for a moment.
Casting: Mephitic Cloud (extremely dangerous; 24% risk of failure)
Confirm with . or Enter, or press ? or * to list all spells.
Aiming: Mephitic Cloud (extremely dangerous; 24% risk of failure)
Press: ? - help, Shift-Dir - straight line, f/p - orc priest
Aim: an orc priest, wielding a +2 flail of protection and wearing a +0 ring mail (moderately wounded, chance to affect: 86%)
You miscast Mephitic Cloud.
You are very lightly contaminated with residual magic.
You are caught in an explosion of electrical discharges!
* * * LOW HITPOINT WARNING * * *
Unknown command.
Aiming: Polymorph
Press: ? - help, Shift-Dir - straight line, f/p - orc priest
Aim: an orc priest, wielding a +2 flail of protection and wearing a +0 ring mail (moderately wounded, will become a killer bee, a jelly, or a howler monkey, chance to affect: 49%)
Okay, then.
Unknown command.
Unknown command.
The orc priest invokes the aid of Beogh against you.
Beogh smites you!
Ouch! That really hurt!
You die...

#.........####...##
+.........'.......##
#.........####.....#
##.......## ##.##.#
##.....## ####.#
#.......# #.#
#.##+##.# #.# #.
#.##.#########.#
#.)...))o.@....#
##.##.###########
...#o..#.# #.......#
#.......# #.##.####
#....# ####.# #.#


You could see an orc priest.

Vanquished Creatures
  A ribbon worm (D:2)
  2 dart slugs (D:2)
  2 orcs (D:3)
  A bat (D:1)
  3 endoplasms
  4 giant cockroaches
  2 goblins
  3 hobgoblins
  4 kobolds
  3 quokkas (D:1)
  2 ball pythons (D:1)
  2 frilled lizards
  2 rats
31 creatures vanquished.

Vanquished Creatures (collateral kills)
  An orc priest (D:3)
  An orc (D:3)
2 creatures vanquished.

Grand Total: 33 creatures vanquished

Notes
Turn   | Place    | Note
-------+----------+-------------------------------------------
     0 | D:1      | pokeman the Deep Elf Hedge Wizard began the quest for the
                  | Orb.
     0 | D:1      | Reached XP level 1. HP: 10/10 MP: 7/7
   449 | D:1      | Reached XP level 2. HP: 16/16 MP: 5/9
  1326 | D:2      | Reached skill level 5 in Spellcasting
  1433 | D:2      | Reached XP level 3. HP: 20/20 MP: 6/11
  1437 | D:2      | Learned a level 3 spell: Mephitic Cloud
  1440 | D:2      | Learned a level 2 spell: Call Imp
  1443 | D:2      | Learned a level 2 spell: Blink
  2096 | D:2      | Found a faded altar of an unknown god.
  2321 | D:3      | Reached skill level 1 in Armour
  2413 | D:3      | Reached skill level 1 in Fighting
  2413 | D:3      | Reached XP level 4. HP: 25/25 MP: 1/13
  2468 | D:3      | Killed from afar by an orc priest

Illustrated notes

Levels and vault maps discovered:
D:1:      saegor_arrival_miasma, layout_basic, chequers_serial_rivers_micro_b
D:2:      layout_loops_ring, dreamdust_ecumenical_altar_hidden_monk_grotto
D:3:      layout_loops_corners, mainiacjoe_overflow_concentric_impassable

Skill      XL: |  1  2  3 |
---------------+----------+-----
Spellcasting   | 5 |  5.4
Armour         | 1 |  1.0
Fighting       | 1 |  1.1
Conjurations   | 2 |  2.1
Dodging        | |  2.7
Stealth        | |  2.4
Summonings     | |  1.1
Translocations | |  1.1

Action                     |  1- 3 |  4- 6 || total
---------------------------+-------+-------++-------
  Melee: Dagger            |    12 |     6 ||    18
   Cast: Magic Dart        |    99 |     2 ||   101
         Mephitic Cloud    |     1 |     1 ||     2
         Call Imp          |     1 |       ||     1
   Stab: Confused          |       |     2 ||     2
 Armour: Robe              |    14 |     3 ||    17
  Dodge: Dodged            |    22 |     2 ||    24

Table legend: (Time is in decaauts)
 A = Elapsed time spent in this place.
 B = Non-inter-level travel time spent in this place.
 C = Inter-level travel time spent in this place.
 D = Time resting spent in this place.
 E = Time spent auto-exploring this place.
 F = Levels seen in this place.
 G = Mean time per level.
                   A        B        C        D        E       F      G
               +--------+--------+--------+--------+--------+-----+--------+
         Total |   2467 |   2423 |     44 |     32 |   2119 |   3 |  822.3 |
       Dungeon |   2467 |   2423 |     44 |     32 |   2119 |   3 |  822.3 |
               +--------+--------+--------+--------+--------+-----+--------+

Top non-repeatable levels by time:
     D:1: 1230 daAuts
     D:2: 988 daAuts
     D:3: 248 daAuts
